 Dungeon Crawl Stone Soup version 0.26-a0-665-gefeb406119 (webtiles) character file.

Game seed: 15196930661774301226

2030 robertstho the Quickloader (level 9, -3/55 HPs)
             Began as a Kobold Hunter on Oct 15, 2020.
             Was an Initiate of Okawaru.
             Slain by a gnoll shaman
             ... wielding a +0 halberd
              (6 damage)
             ... in a bailey.
             The game lasted 00:08:44 (6100 turns).

robertstho the Quickloader (Kobold Hunter)          Turns: 6100, Time: 00:08:45

Health: -3/55      AC: 11    Str: 12    XL:     9   Next: 47%
Magic:  10/10      EV:  9    Int: 13    God:    Okawaru [......]
Gold:   77         SH:  0    Dex: 15    Spells: 8/8 levels left

rFire    . . .     SeeInvis +   a - +1 hand crossbow
rCold    . . .     Faith    .   (shield restricted)
rNeg     . . .     Spirit   .   k - +0 chain mail
rPois    .         Reflect  .   (no helmet)
rElec    .         Harm     .   n - +0 cloak
rCorr    .         Rampage  .   (no gloves)
MR       .....                  h - +0 pair of boots
Stlth    ..........             s - amulet of magic regeneration
HPRegen  0.18/turn              c - ring of see invisible
MPRegen  0.37/turn              (no ring)

@: mighty
A: small, nightstalker 3
a: Renounce Religion


You were in a bailey.
You worshipped Okawaru.
Okawaru was noncommittal.
You visited 2 branches of the dungeon, and saw 8 of its levels.
You also visited: Bailey.

You collected 386 gold pieces.
You spent 309 gold pieces at shops.

Inventory:

Hand Weapons
 a - a +1 hand crossbow (weapon)
 b - a +0 short sword
 C - a +0 spear of flaming
Missiles
 d - 31 bolts (quivered)
Armour
 h - a +0 pair of boots (worn)
 k - a +0 chain mail (worn)
 n - a +0 cloak (worn)
Jewellery
 c - a ring of see invisible (left hand)
 s - an amulet of magic regeneration (around neck)
Wands
 j - a wand of flame (20)
 B - a wand of enslavement (11)
Scrolls
 i - a scroll of noise {unknown}
 l - a scroll of immolation {unknown}
 o - 3 scrolls of magic mapping
 q - a scroll of amnesia {unknown}
 r - 2 scrolls of teleportation
 u - a scroll of enchant weapon {unknown}
 w - a scroll of blinking {unknown}
 y - a scroll of remove curse
 A - a scroll of fog {unknown}
Potions
 e - a potion of ambrosia
 f - a potion of magic {unknown}
 m - a potion of brilliance {unknown}
 p - 2 potions of mutation {unknown}
 t - a potion of stabbing {unknown}
 v - a potion of lignification {unknown}


   Skills:
 + Level 6.2 Fighting
 + Level 10.9 Crossbows
 + Level 4.2 Armour
 + Level 3.3 Dodging
 + Level 2.5 Stealth
 * Level 2.6 Invocations


You had 8 spell levels left.
You didn't know any spells.
Your spell library was empty.

Dungeon Overview and Level Annotations

Branches:
Dungeon (7/15)             Temple (1/1) D:5          Bailey (1/1)

Altars:
Ashenzari
Cheibriados
Dithmenos
Elyvilon
Fedhas
Gozag
Nemelex Xobeh
Okawaru
Qazlal
Ru
Sif Muna
Trog
Uskayaw
Vehumet
Wu Jian
Xom
Yredelemnul
Zin
The Shining One

Shops:
D:5 *


Innate Abilities, Weirdness & Mutations

You are small and have problems with some larger weapons.
You are completely attuned to the shadows.


Message History

Press: ? - help, Shift-Dir - straight line, f/p - gnoll sergeant
Aim: a gnoll sergeant, wielding a +0 halberd and wearing a +0 chain mail (almost dead, fast)
You shoot a bolt. The bolt hits the gnoll sergeant.
You kill the gnoll sergeant!
Okawaru accepts your kill.
Firing (i - inventory)
d - 33 bolts (quivered)
Press: ? - help, Shift-Dir - straight line, f - gnoll shaman
Aim: a gnoll shaman, wielding a +0 halberd and wearing a +0 ring mail (heavily wounded)
You shoot a bolt.
The bolt hits the gnoll shaman but does no damage.
The gnoll shaman is heavily wounded.
The gnoll shaman hits you from afar with a +0 halberd.
* * * LOW HITPOINT WARNING * * *
Firing (i - inventory)
d - 32 bolts (quivered)
Press: ? - help, Shift-Dir - straight line, f/p - gnoll shaman
Aim: a gnoll shaman, wielding a +0 halberd and wearing a +0 ring mail (heavily wounded)
You shoot a bolt. The bolt hits the gnoll shaman!
The gnoll shaman is almost dead.
The gnoll shaman hits you from afar with a +0 halberd.
You die...

.≈.. ♣♣.≈..
♣..≈..# ♣..≈..#
♣♣..≈..# #
♣♣...≈..######.
#♣♣♣.......'...#.)
#@.g(......(((.'..
#♣♣♣..†....'...#..
♣♣...≈..######.
♣...≈..# #
♣...≈..# ♣♣..≈..#
♣♣.≈..# ♣.≈..###
♣♣≈≈...#


You could see a gnoll shaman.

Vanquished Creatures
  Pikel (D:5)
  Prince Ribbit (D:5)
  Sigmund (D:5)
  A black bear (D:6)
  2 ogres
  A lemure (D:5)
  A gnoll sergeant (Bailey)
  3 scorpions
  2 orc priests
  5 hounds
  A centaur skeleton (D:4)
  3 iguanas
  6 orc wizards
  A worker ant zombie (D:6)
  5 adders
  8 gnolls
  A shadow imp (D:5)
  A white imp (D:6)
  An ufetubus (D:5)
  2 oozes
  An adder skeleton (D:5)
  2 worms
  2 dart slugs
  3 leopard geckos (D:5)
  20 orcs
  6 bats
  5 giant cockroaches
  10 goblins
  7 hobgoblins
  3 quokkas
  6 frilled lizards
  A jackal skeleton (D:5)
  3 kobolds
  5 rats
121 creatures vanquished.

Notes
Turn   | Place    | Note
-------+----------+-------------------------------------------
     0 | D:1      | robertstho the Kobold Hunter began the quest for the Orb.
     0 | D:1      | Reached XP level 1. HP: 12/12 MP: 1/1
    18 | D:1      | Reached skill level 5 in Crossbows
   131 | D:1      | Reached XP level 2. HP: 17/17 MP: 2/2
   394 | D:1      | Reached XP level 3. HP: 21/21 MP: 3/3
   965 | D:2      | Reached skill level 6 in Crossbows
  1146 | D:2      | Reached XP level 4. HP: 26/26 MP: 4/4
  1554 | D:3      | Found a stormy altar of Qazlal.
  2015 | D:3      | Reached XP level 5. HP: 28/31 MP: 5/5
  2140 | D:3      | Reached skill level 1 in Armour
  2380 | D:4      | Reached skill level 7 in Crossbows
  2642 | D:4      | Noticed an ogre
  2645 | D:4      | Killed an ogre
  2645 | D:4      | Reached XP level 6. HP: 37/37 MP: 6/6
  3193 | D:4      | Reached skill level 8 in Crossbows
  3193 | D:4      | Reached XP level 7. HP: 41/41 MP: 7/7
  3491 | D:5      | Entered Level 5 of the Dungeon
  3499 | D:5      | Noticed Sigmund
  3534 | D:5      | Killed Sigmund
  3808 | D:5      | Reached skill level 9 in Crossbows
  3808 | D:5      | Reached XP level 8. HP: 48/48 MP: 8/8
  3810 | D:5      | Noticed Prince Ribbit
  3825 | D:5      | Killed Prince Ribbit
  4042 | D:5      | Found Haffaa's Assorted Antiques.
  4050 | D:5      | Bought a scroll of identify for 48 gold pieces
  4050 | D:5      | Bought a cyan potion for 21 gold pieces
  4050 | D:5      | Bought a runed copper ring for 120 gold pieces
  4050 | D:5      | Bought 2 scrolls labeled OTUOGO POESM for 48 gold pieces
  4050 | D:5      | Bought a scroll labeled SABUVE NUEHE for 24 gold pieces
  4050 | D:5      | Bought a scroll of identify for 48 gold pieces
  4335 | D:5      | Noticed Pikel
  4459 | D:5      | Killed Pikel
  4459 | D:5      | Reached skill level 5 in Fighting
  4459 | D:5      | Reached skill level 10 in Crossbows
  4459 | D:5      | Reached XP level 9. HP: 44/54 MP: 9/9
  4479 | D:5      | Found a staircase to the Ecumenical Temple.
  4486 | Temple   | Entered the Ecumenical Temple
  4643 | Temple   | Became a worshipper of Warmaster Okawaru
  4940 | D:6      | Reached skill level 1 in Invocations
  5907 | D:7      | Found a flagged portal.
  5912 | Bailey   | Entered a bailey
  6100 | Bailey   | Slain by a gnoll shaman

Illustrated notes

Levels and vault maps discovered:
D:1:      dpeg_arrival_subterranean_lakeside_camping, layout_loops_cross
D:2:      layout_rooms
D:3:      layout_basic, grunt_qazlal_clouds
D:4:      layout_basic
D:5:      layout_basic, temple_pool_b, serial_shops, shop, uniq_pikel,
          uniq_sigmund, uniq_prince_ribbit1
D:6:      layout_gridville, kennysheep_generic_room_14
D:7:      minmay_spotlight, layout_rooms, enter_bailey_3, roderic_batcave,
          lightli_orcish_oven
Temple:   kilobyte_greek_temple
Bailey:   bailey_polearm_gnolls_kennysheep, bailey

Skill      XL: |  1  2  3  4  5  6  7  8  9 |
---------------+----------------------------+-----
Crossbows      | 5 6 7 8 9 10 | 10.9
Armour         | 1 2 3 4 |  4.2
Fighting       | 3 4 5 6 |  6.2
Dodging        | 3 |  3.3
Stealth        | 2 |  2.5
Invocations    | 2 |  2.6

Action                   |  1- 3 |  4- 6 |  7- 9 || total
-------------------------+-------+-------+-------++-------
Melee: Hand crossbow     |       |     1 |       ||     1
       Short sword       |       |       |     4 ||     4
 Fire: Hand crossbow     |    61 |   112 |   258 ||   431
  Use: Scroll            |       |     3 |     6 ||     9
       Potion            |       |       |     8 ||     8
Armor: Leather armour    |     2 |       |       ||     2
       Chain mail        |     9 |    47 |    82 ||   138
Dodge: Dodged            |     8 |    33 |    90 ||   131

Table legend: (Time is in decaauts)
 A = Elapsed time spent in this place.
 B = Non-inter-level travel time spent in this place.
 C = Inter-level travel time spent in this place.
 D = Time resting spent in this place.
 E = Time spent auto-exploring this place.
 F = Levels seen in this place.
 G = Mean time per level.
                   A        B        C        D        E       F      G
               +--------+--------+--------+--------+--------+-----+--------+
         Total |   6135 |   5919 |    216 |    158 |   4797 |   9 |  681.7 |
       Dungeon |   5759 |   5573 |    186 |    103 |   4590 |   7 |  822.7 |
        Temple |    187 |    157 |     30 |      0 |    150 |   1 |  187.0 |
        Bailey |    187 |    187 |      0 |     55 |     57 |   1 |  187.0 |
               +--------+--------+--------+--------+--------+-----+--------+

Top non-repeatable levels by time:
     D:4: 1250 daAuts
     D:5: 1225 daAuts
     D:1: 962 daAuts
     D:6: 865 daAuts
     D:3: 738 daAuts
     D:2: 568 daAuts
  Temple: 187 daAuts
  Bailey: 187 daAuts
     D:7: 148 daAuts
